 Dungeon Crawl Stone Soup version 0.30-a0-637-gacddeb6d44 (webtiles) character file.

Game seed: 15793500756180010971

115 kae the Insei (level 4, -1/48 HPs)
             Began as a Demonspawn Transmuter on Jan 15, 2023.
             Slain by Pikel
             ... wielding a +0 whip of freezing
              (2 damage)
             ... on level 3 of the Dungeon.
             The game lasted 00:04:08 (2756 turns).

kae the Insei (Demonspawn Transmuter)               Turns: 2756, Time: 00:04:09

Health: -1/48      AC: 22    Str: 10    XL:     4   Next: 68%
Magic:  6/7        EV:  2    Int: 17    God:
Gold:   111        SH:  5    Dex: 13    Spells: 2/8 levels left

rFire   . . .      SeeInvis .      - Unarmed
rCold   . . .      Faith    .    (no shield)
rNeg    . . .      Spirit   .    (body armour currently unavailable)
rPois   +          Reflect  +    (helmet currently unavailable)
rElec   .          Harm     .    (cloak currently unavailable)
rCorr   .          Rampage  .    (gloves currently unavailable)
Will    .....      NoTele   +    (boots currently unavailable)
Stlth   +                        e - amulet of reflection
HPRegen 0.28/turn                (no ring)
MPRegen 0.10/turn                (no ring)

@: tree-form, invisible
A: stationary, stasis, torment immunity, boosted hp, powered by pain 1, (spiny
1)
a: no special abilities


You were on level 3 of the Dungeon.
You were a tree.
You visited 1 branch of the dungeon, and saw 4 of its levels.

You collected 111 gold pieces.


Innate Abilities, Weirdness & Mutations

You are a tree.
Your roots penetrate the ground, keeping you stationary.
You cannot be teleported.
You are immune to unholy pain and torment.
Your maximum health is greatly increased.
Your equipment is partially melded.
You sometimes gain a little power by taking damage.
((You are partially covered in sharp spines.))


   Skills:
 - Level 1.0 Fighting
 - Level 1.7 Dodging
 + Level 3.2 Unarmed Combat
 + Level 2.6 Spellcasting
 * Level 3.2 Transmutations
 * Level 1.7 Poison Magic


You had 2 spell levels left.
You knew the following spells:

 Your Spells              Type           Power      Damage    Failure   Level
a - Beastly Appendage     Tmut           26%        N/A       4%          1
b - Wereblood             Tmut           13%        N/A       8%          2
c - Spider Form           Tmut/Pois      10%        N/A       21%         3

Your spell library contained the following spells:

 Spells                   Type           Power      Damage    Failure   Level
 Passwall                 Tmut/Erth      5%         N/A       14%         2
 Magic Dart               Conj           8%         1d3       19%         1
 Sandblast                Erth           4%         2d4       19%         1
 Call Imp                 Summ           2%         N/A       28%         2
 Mephitic Cloud           Conj/Pois/Air  4%         N/A       41%         3
 Stone Arrow              Conj/Erth      4%         3d7       50%         3
 Ice Form                 Ice/Tmut       7%         N/A       67%         4

Inventory:

Missiles
 c - 51 stones
 j - 4 silver javelins
Armour
 a - a +2 robe (melded)
Magical Staves
 i - a staff of conjuration {!a}
   (You found it on level 1 of the Dungeon)
 q - a staff of death {!a}
   (You found it on level 3 of the Dungeon)
 s - a staff of cold {!a}
   (You found it on level 4 of the Dungeon)
Jewellery
 e - an amulet of reflection (around neck)
   (You found it on level 2 of the Dungeon)
Scrolls
 d - 4 scrolls of fog
 g - 2 scrolls of teleportation {@r4}
 h - 2 scrolls of poison {!r}
 k - a scroll of identify {@r1}
 n - a scroll of enchant armour
 o - 2 scrolls of immolation {!r!r}
 p - a scroll of vulnerability {!r!r}
Potions
 f - 2 potions of flight
 l - a potion of mutation {!q}
 m - 3 potions of degeneration {!q}
 r - a potion of invisibility

Dungeon Overview and Level Annotations

Branches:
Dungeon (4/15) Zot: 21248
 Temple: D:4-7

Altars:
Vehumet

Annotations:
D:3 Pikel

######## #....... ######
#....... #....##
###.......
######..♣..#####..)......
#.......K................
#....#...................
#....#####.###...........
#....# ##..###...........
#....# #................#
#....#########..........#
##.....## ##........##
#..##...### #..........#


You could see Pikel (unable to see you).


Message History

Really quaff the potion of lignification?
You turn into a tree.
Your +2 robe melds into your body.
Your roots penetrate the ground.
You feel sick.
Pikel hits you but does no damage. 😕 HP[+12]
You now have 48 max hp (+16).
You regained 12 hp, and now have 37/48 hp.
You hit Pikel.
You feel sick.
Pikel hits you but does no damage. 😮 HP[-1]
You take 1 damage, and now have 36/48 hp.
You barely miss Pikel.
You feel sick. Pikel hits you but does no damage.
Unknown command.
You hit Pikel.
You feel sick.
You are no longer poisoned.
Pikel hits you but does no damage. 😮 HP[-1]
You take 1 damage, and now have 35/48 hp.
You hit Pikel but do no damage. Pikel barely misses you.
You hit Pikel.
Pikel hits you with a +0 whip of freezing.
Pikel freezes you. 😮 HP[-3]
You take 3 damage, and now have 32/48 hp.
You barely miss Pikel. You block Pikel's attack. 😮 HP[+1]
You hit Pikel but do no damage. You hit Pikel but do no damage.
Pikel hits you but does no damage.
You hit Pikel but do no damage.
Pikel hits you with a +0 whip of freezing.
Pikel freezes you. 😮 HP[-4] MP[+1]
You take 4 damage, and now have 29/48 hp.
You hit Pikel. Pikel hits you but does no damage.
Your magical contamination has completely faded away. 😮 HP[+1] Unknown command.
You hit Pikel but do no damage.
Pikel hits you with a +0 whip of freezing.
Pikel freezes you. 😮 HP[-3]
You take 3 damage, and now have 27/48 hp.
You barely miss Pikel. Your punch misses Pikel.
Pikel hits you but does no damage.
You closely miss Pikel.
Pikel hits you with a +0 whip of freezing.
* * * LOW HITPOINT WARNING * * *
Pikel freezes you.
* * * LOW HITPOINT WARNING * * *
😨 HP[-6]
You take 6 damage, and now have 21/48 hp.
You hit Pikel but do no damage.
Pikel hits you with a +0 whip of freezing!
* * * LOW HITPOINT WARNING * * *
Pikel freezes you.
* * * LOW HITPOINT WARNING * * *
😱 HP[-11]
You take 11 damage, and now have 10/48 hp.
MASSIVE DAMAGE!! (PAUSE)
You hit Pikel. Pikel hits you but does no damage.
You hit Pikel.
Pikel hits you with a +0 whip of freezing.
* * * LOW HITPOINT WARNING * * *
Pikel freezes you.
* * * LOW HITPOINT WARNING * * *
😱 HP[-5]
You take 5 damage, and now have 5/48 hp.
You hit Pikel.
Pikel hits you with a +0 whip of freezing.
* * * LOW HITPOINT WARNING * * *
Pikel freezes you.
* * * LOW HITPOINT WARNING * * *
😱 HP[-3]
You take 3 damage, and now have 2/48 hp.
You barely miss Pikel. You punch Pikel, but do no damage.
You block Pikel's attack.
Unknown command.
It was a potion of invisibility.
You fade into invisibility!
Pikel says, "Asmodeus and me are pals.
He gave me this whip."
Pikel hits you but does no damage. 😱 MP[+1] Unknown command.
You barely miss Pikel. Pikel hits you but does no damage.
You strike the helpless Pikel from behind!
You hit Pikel but do no damage. 😱 HP[+1]
You cannot move.
Unknown command.
You barely miss Pikel.
Pikel hits you with a +0 whip of freezing.
* * * LOW HITPOINT WARNING * * *
Pikel freezes you.
* * * LOW HITPOINT WARNING * * *
😱 HP[-2]
You take 2 damage, and now have 1/48 hp.
You barely miss Pikel. Pikel hits you but does no damage.
Unknown command.
You hit Pikel.
Pikel hits you with a +0 whip of freezing.
You die...

Skill      XL: |  1  2  3  4 |
---------------+-------------+-----
Transmutations | 2 3 |  3.2
Unarmed Combat | 3 |  3.2
Poison Magic   | 1 |  1.7
Fighting       | |  1.0
Dodging        | |  1.7
Spellcasting   | |  2.6

Action                   |  1- 3 |  4- 6 || total
-------------------------+-------+-------++-------
Melee: Unarmed           |    86 |    64 ||   150
       Kick              |    19 |     2 ||    21
       Headbutt          |     6 |       ||     6
       Punch             |     1 |     3 ||     4
 Cast: Beastly Appendage |    27 |     4 ||    31
       Spider Form       |     1 |     2 ||     3
  Use: Scroll            |     9 |     2 ||    11
       Potion            |       |     2 ||     2
 Stab: Invisible         |       |     1 ||     1
Armor: Robe              |    12 |     5 ||    17
       Skin              |       |    11 ||    11
Dodge: Dodged            |    53 |    25 ||    78
Block: Other             |    10 |    15 ||    25
       Reflection        |       |     1 ||     1

Levels and vault maps discovered:
D:1:      dpeg_arrival_stone_temple_mockup, layout_basic, serial_curves,
          eino_curves_03, eino_curves_01
D:2:      layout_basic, kennysheep_path_1, minmay_misc_feat_ornament
D:3:      layout_rooms, nicolae_elyvilon_peaceful_grove, vehumet_crystals
D:4:      layout_rooms, kennysheep_mini_moat, nicolae_shop_overcharged_wands,
          uniq_pikel, uniq_sigmund

Notes
Turn   | Place    | Note
-------+----------+-------------------------------------------
     0 | D:1      | kae the Demonspawn Transmuter began the quest for the Orb.
     0 | D:1      | Reached XP level 1. HP: 15/15 MP: 3/3
     0 | D:1      | magus.rc [v1.11.3]
    47 | D:1      | You pick up a book of Geomancy and begin reading...
    47 | D:1      | You add the spells Sandblast, Passwall and Stone Arrow to
                  | your library.
    74 | D:1      | You pick up a book of Minor Magic and begin reading...
    74 | D:1      | You add the spells Magic Dart, Call Imp and Mephitic Cloud
                  | to your library.
   202 | D:1      | Reached skill level 2 in Transmutations
   229 | D:1      | You pick up a book of Changes and begin reading...
   505 | D:1      | Gained mutation: You sometimes gain a little power by
                  | taking damage. [demonic ancestry]
   505 | D:1      | Reached XP level 2. HP: 21/21 MP: 5/5
  1150 | D:2      | Reached skill level 3 in Unarmed Combat
  1431 | D:2      | Gained mutation: You are partially covered in sharp spines.
                  | [demonic ancestry]
  1431 | D:2      | Reached XP level 3. HP: 26/26 MP: 4/6
  1434 | D:2      | Learned a level 2 spell: Wereblood
  1438 | D:2      | Learned a level 3 spell: Spider Form
  1967 | D:3      | Reached skill level 1 in Poison Magic
  2210 | D:3      | Reached XP level 4. HP: 29/32 MP: 5/7
  2295 | D:3      | Reached skill level 3 in Transmutations
  2317 | D:3      | Found a radiant altar of Vehumet.
  2625 | D:4      | Noticed a lemure
  2647 | D:4      | Killed a lemure
  2717 | D:4      | Noticed Pikel
  2717 | D:4      | Noticed a lemure
  2717 | D:4      | Noticed a lemure
  2717 | D:4      | Noticed a lemure
  2746 | D:3      | HP: 10/48 [Pikel/+0 whip of freezing (3)]
  2749 | D:3      | HP: 3/48 [Pikel/+0 whip of freezing (3)]
  2754 | D:3      | HP: 2/48 [Pikel/+0 whip of freezing (1)]
  2756 | D:3      | Slain by Pikel

Vanquished Creatures
  A lemure (D:4)
  4 gnolls (D:3)
  An adder (D:3)
  An ufetubus (D:4)
  2 worms
  A dart slug (D:2)
  An orc (D:3)
  5 ball pythons
  5 endoplasms
  3 giant cockroaches
  3 goblins
  3 hobgoblins
  3 jackals (D:3)
  8 kobolds
  2 quokkas
  3 bats
  2 frilled lizards
  5 rats
53 creatures vanquished.

Table legend:
 A = Non-vault XP
 B = Vault XP
 C = Vault XP percentage of total XP
 D = Non-vault monster count
 E = Vault monster count
 F = Vault count percentage of total count
                 A         B        C        D         E       F
            +---------+---------+-------+---------+---------+-------
      Total |     165 |       0 |   0.0 |      52 |       0 |   0.0
            +---------+---------+-------+---------+---------+-------
        D:1 |      16 |       0 |   0.0 |      11 |       0 |   0.0
        D:2 |      29 |       0 |   0.0 |      14 |       0 |   0.0
        D:3 |     109 |       0 |   0.0 |      24 |       0 |   0.0
        D:4 |      11 |       0 |   0.0 |       3 |       0 |   0.0
            +---------+---------+-------+---------+---------+-------

Illustrated notes

Table legend:
 A = Kills in this place as a percentage of kills in entire the game.
 B = Kills by you in this place as a percentage of kills by you in the entire game.
 C = Kills by friends in this place as a percentage of kills by friends in the entire game.
 D = Other kills in this place as a percentage of other kills in the entire game.
 E = Experience gained in this place as a percentage of experience gained in the entire game.
 F = Experience gained in this place divided by the number of levels of this place that you have seen.
                   A       B       C       D       E      F
               +-------+-------+-------+-------+-------+----------------------
         Total | 100.0 | 100.0 |   N/A |   N/A | 100.0 |  41.2
       Dungeon | 100.0 | 100.0 |   N/A |   N/A | 100.0 |  41.2
               +-------+-------+-------+-------+-------+----------------------

Table legend: (Time is in decaauts)
 A = Elapsed time spent in this place.
 B = Non-inter-level travel time spent in this place.
 C = Inter-level travel time spent in this place.
 D = Time resting spent in this place.
 E = Time spent auto-exploring this place.
 F = Levels seen in this place.
 G = Mean time per level.
                   A        B        C        D        E       F      G
               +--------+--------+--------+--------+--------+-----+--------+
         Total |   2750 |   2666 |     84 |     46 |   2118 |   4 |  687.5 |
       Dungeon |   2750 |   2666 |     84 |     46 |   2118 |   4 |  687.5 |
               +--------+--------+--------+--------+--------+-----+--------+

Top non-repeatable levels by time:
     D:2: 973 daAuts
     D:1: 801 daAuts
     D:3: 766 daAuts
     D:4: 208 daAuts
